 Dungeon Crawl Stone Soup version 0.28.0 (webtiles) character file.

Game seed: 2364596863792148066

100814 Colgate the Phalangite (level 16, -9/193 HPs)
             Began as a Merfolk Berserker on Feb 14, 2022.
             Was an Elder of Trog.
             Mangled by a spark wasp (18 damage)
             ... on level 3 of the Spider Nest.
             The game lasted 03:08:54 (32582 turns).

Colgate the Phalangite (Merfolk Berserker)         Turns: 32582, Time: 03:08:54

Health: -9/193     AC: 20    Str: 18    XL:     16   Next: 28%
Magic:  16/16      EV: 12    Int: 16    God:    Trog [****..]
Gold:   3484       SH:  0    Dex: 20    Spells: 15/15 levels left

rFire   . . .      SeeInvis +   b - +7 bardiche (flame)
rCold   + + .      Faith    +   (shield currently unavailable)
rNeg    + + .      Spirit   .   D - +7 Kryia's mail coat {PotionHeal*2 rC+}
rPois   +          Reflect  .   x - +1 hat of Untruth {Harm Will+ Stlth+}
rElec   .          Harm     +   u - scarf {repulsion}
rCorr   .          Rampage  .   v - +2 pair of gloves
Will    +++..                   I - +0 pair of boots of the Moon {rC+ rN++ Int+6}
Stlth   ..........              B - amulet of faith
HPRegen 0.42/turn               N - ring of willpower
MPRegen 0.15/turn               y - ring "Uhecwur" {rPois Int+3 SInv}

@: berserking (expiring), lethally poisoned (-9 -> -16), repel missiles, very
quick
A: (nimble swimmer 2), mertail
a: Renounce Religion, Berserk, Trog's Hand, Brothers in Arms


You were on level 3 of the Spider Nest.
You worshipped Trog.
Trog was greatly pleased with you.
You visited 5 branches of the dungeon, and saw 24 of its levels.
You also visited: Trove and Volcano.

You collected 5142 gold pieces.
You spent 1658 gold pieces at shops.

Inventory:

Hand Weapons
 a - the +7 pair of quick blades "Gyre" and "Gimble" {protect}
   (You found it on level 10 of the Dungeon)

   It grants its wielder temporary protection when it strikes (+7 to AC).
 b - a +7 bardiche of flaming (weapon)
Missiles
 c - 699 stones (quivered)
 i - 7 boomerangs
 A - 6 javelins
 Q - a curare-tipped dart
 S - 24 poisoned darts
Armour
 u - a scarf of repulsion (worn)
 v - a +2 pair of gloves (worn)
 x - the +1 hat of Untruth (worn) {Harm Will+ Stlth+}
   (You found it in a treasure trove)

   Harm:      It increases damage dealt and taken.
   Will:      It increases your willpower.
   Stlth:     It makes you more stealthy.
 D - the +7 Kryia's mail coat (worn) {PotionHeal*2 rC+}
   (You found it on level 3 of the Dungeon)

   Potions are twice as effective at healing its wearer.
   rC:        It protects you from cold.
 I - the +0 pair of boots of the Moon (worn) {rC+ rN++ Int+6}
   (You found it on level 8 of the Dungeon)

   Int:       It affects your intelligence (+6).
   rC:        It protects you from cold.
   rN:        It greatly protects you from negative energy.
Jewellery
 d - a ring of ice
 f - the ring "Xafer" {rF- rN+ AC+4 Str+6 Int-3}
   (You found it in a treasure trove)

   [ring of protection]

   AC:        It affects your AC (+4).
   Str:       It affects your strength (+6).
   Int:       It affects your intelligence (-3).
   rF:        It makes you vulnerable to fire.
   rN:        It protects you from negative energy.
 h - the ring of the Seven Xenophobes {Fire Fly rCorr Int-2 Dex+4}
   (You found it in a treasure trove)

   [ring of fire]

   It enhances your fire magic.
   Int:       It affects your intelligence (-2).
   Dex:       It affects your dexterity (+4).
   rF:        It protects you from fire.
   rC:        It makes you vulnerable to cold.
   Fly:       It grants you flight.
   rCorr:     It protects you from acid and corrosion.
 y - the ring "Uhecwur" (right hand) {rPois Int+3 SInv}
   (You bought it in a shop on level 2 of the Orcish Mines)

   [ring of poison resistance]

   Int:       It affects your intelligence (+3).
   rPois:     It protects you from poison.
   SInv:      It lets you see invisible.
 B - an amulet of faith (around neck)
 M - an amulet of guardian spirit
 N - a ring of willpower (left hand)
 O - a +4 ring of evasion
 R - the ring "Qoas" {rElec rF+ Int+6 Dex+6}
   (You found it on level 1 of the Spider Nest)

   [ring of intelligence]

   Int:       It affects your intelligence (+6).
   Dex:       It affects your dexterity (+6).
   rF:        It protects you from fire.
   rElec:     It insulates you from electricity.
Wands
 e - a wand of polymorph (4)
 o - a wand of flame (19)
 q - a wand of paralysis (28)
 C - a wand of iceblast (9)
 F - a wand of mindburst (10)
 G - a wand of digging (2)
 H - a wand of charming (9)
 W - a wand of acid (3)
Scrolls
 g - 3 scrolls of fear
 k - 2 scrolls of magic mapping
 l - a scroll of vulnerability
 r - a scroll of summoning
 s - 8 scrolls of teleportation
 w - a scroll of holy word
 J - a scroll of immolation
 K - 5 scrolls of blinking
 Z - a scroll of torment
Potions
 j - a potion of magic
 m - a potion of attraction
 n - 11 potions of curing
 t - a potion of haste
 z - 5 potions of heal wounds
 E - 3 potions of berserk rage
 L - 3 potions of invisibility
 P - 4 potions of lignification
 V - 8 potions of might
 X - a potion of resistance
 Y - 5 potions of ambrosia
Miscellaneous
 p - a condenser vane
 T - a tin of tremorstones (2/2)
 U - a piece from Xom's chessboard (15/15)


   Skills:
 + Level 12.9 Fighting
 - Level 8.1 Short Blades
 - Level 24.0 Polearms
 - Level 14.0 Throwing
 - Level 6.0 Armour
 - Level 4.0 Dodging
 - Level 10.1 Stealth
 - Level 6.0 Evocations


You had 15 spell levels left.
You didn't know any spells.
Your spell library was empty.

Dungeon Overview and Level Annotations

Branches:
Dungeon (12/15)            Temple (1/1) D:6            Lair (6/6) D:8
 Shoals (0/4) Lair:2       Spider (3/4) Lair:2        Slime (0/5) Lair:6
    Orc (2/2) D:10            Elf (0/3) Orc:2       Volcano (visited)

Altars:
Ashenzari
Cheibriados
Dithmenos
Elyvilon
Fedhas
Gozag
Hepliaklqana
Kikubaaqudgha
Makhleb
Nemelex Xobeh
Okawaru
Qazlal
Ru
Sif Muna
Trog
Uskayaw
Vehumet
Wu Jian
Xom
Yredelemnul
Zin
The Shining One
Jiyva

Shops:
D:3 *   Orc:2 **=?

Annotations:
Lair:6 3 runed translucent doors, Rexfelis's ghost, journeyman MiBe
Spider:1 Agnes
Spider:3 Arachne


Innate Abilities, Weirdness & Mutations

((You are very nimble when in or above water. (Stealth+, EV+, Speed+++)))
Your lower body shifts to a powerful aquatic tail in water.


Message History

You chop the meliai into pieces!!! You burn the meliai.
You kill the meliai!
Trog accepts your kill.
You barely miss the jumping spider.
A spark wasp comes into view.
The jumping spider pounces on you but does no damage.
The jumping spider bites you but does no damage.
Your ogre misses the jumping spider. You slash the jumping spider!
You burn the jumping spider.
The jumping spider is heavily wounded.
The jumping spider barely misses you.
The jumping spider bites you but does no damage.
The spark wasp bursts into living lightning!
The living lightning hits you but does no damage.
The spark wasp blinks! x2
You slash the jumping spider! You burn the jumping spider.
The jumping spider is almost dead.
A redback comes into view.
Your ogre barely misses the jumping spider.
You slice the jumping spider!! You burn the jumping spider.
You kill the jumping spider!
Trog accepts your kill.
The spark wasp stings you but does no damage.
There is a stone staircase leading up here.
You see here a jumping spider corpse.
You hit the spark wasp. You burn the spark wasp.
The spark wasp is lightly wounded.
Your ogre barely misses the spark wasp.
The spark wasp stings you but does no damage.
You barely miss the spark wasp.
The spark wasp is lightly wounded.
Arachne stares at you and mumbles some strange words.
The poison arrow hits you!
You are poisoned.
You partially resist.
* * * LOW HITPOINT WARNING * * *
You feel sick. The spark wasp stings you.
* * * LOW HITPOINT WARNING * * *
The spark wasp shocks you!
You die...

#....##.^..
......#...
..........
.......
.^...## ###
#.$..#
#....#†..^#
.....>Oy@.#
....s.....#
^....H.^...#
#s..#......#
§#. ####..##
# ####


You could see Arachne, a spark wasp (ally target), a tarantella, a redback and a
friendly ogre (summoned, berserk).

Vanquished Creatures
  Rupert (Lair:3)
  Jorgrun (Orc:1)
  A frost giant (D:10)
  An emperor scorpion (Spider:1)
  A ghost moth (Spider:2)
  2 broodmothers
  3 dire elephants (Lair:6)
  2 ettins (Orc:1)
  A boulder beetle (D:12)
  Erolcha (D:12)
  Fannar (Lair:2)
  An ice dragon (D:10)
  2 hydras
  2 jorogumos
  A radroach (Spider:2)
  4 two-headed ogres
  2 catoblepae
  4 death yaks (Lair:6)
  A deep troll shaman (Lair:6)
  3 orc high priests (Orc:2)
  A pharaoh ant (Spider:2)
  A salamander mystic (Volcano)
  2 orb spiders
  2 steelbarb worms (Spider:2)
  A lindwurm (Lair:6)
  4 orc knights (Orc:2)
  An ugly thing (D:12)
  8 wolf spiders
  5 salamanders (Volcano)
  5 orc sorcerers
  An oklob plant (D:10)
  15 cyclopes
  4 manticores
  12 elephants
  5 black mambas
  An ice statue (D:10)
  A gargoyle (D:12)
  10 cane toads
  Maggie (Lair:1)
  A kobold demonologist (D:12)
  3 torpor snails
  4 demonic crawlers (Spider:2)
  7 komodo dragons
  2 rime drakes (Lair:2)
  A guardian mummy (D:11)
  2 polar bears (Lair:3)
  10 meliai
  9 tarantellas
  2 trolls
  12 slime creatures
  10 blink frogs
  3 hornets
  Prince Ribbit (D:6)
  9 dream sheep (Lair:5)
  6 jumping spiders
  14 culicivoras
  34 yaks
  Sigmund (D:2)
  3 wyverns
  A wraith (D:11)
  A fire elemental (Orc:1)
  A steam dragon (Lair:6)
  20 redbacks
  6 basilisks
  7 vampire mosquitoes
  6 wargs
  An acid dragon (D:11)
  2 hell hounds (Lair:2)
  14 water moccasins
  17 ice beasts
  13 orc warriors
  2 sky beasts
  6 black bears
  7 ogres
  3 necrophages
  10 wolves
  3 centaurs
  A phantom (D:4)
  2 kobold brigands (D:7)
  12 bullfrogs
  4 scorpions
  A water moccasin zombie (D:5)
  2 wyvern skeletons
  A water moccasin skeleton (D:4)
  9 killer bees
  An oklob sapling (D:10)
  2 wights (D:5)
  8 electric eels
  8 howler monkeys
  2 bullfrog zombies
  6 centaur zombies
  A lava snake (Lair:2)
  Crazy Yiuf (D:6)
  A gnoll shaman (D:5)
  19 orc priests
  3 hounds
  A human zombie (D:5)
  17 orc wizards
  3 iguanas
  3 scorpion zombies (D:5)
  A killer bee zombie (D:5)
  2 mummies (D:5)
  2 howler monkey zombies
  Robin (D:2)
  9 gnolls
  11 adders
  2 white imps (D:6)
  An adder zombie (D:5)
  A worm (D:2)
  4 dart slugs
  45 orcs
  16 ball pythons
  7 endoplasms
  5 giant cockroaches
  9 hobgoblins
  3 jackals (D:2)
  A quokka (D:5)
  7 bats
  5 frilled lizards
  13 goblins
  17 kobolds
  4 rats
643 creatures vanquished.

Vanquished Creatures (collateral kills)
  Kirke (Spider:2)
  A fire giant (Orc:1)
  An emperor scorpion (Spider:2)
  A death scarab (Spider:1)
  A steelbarb worm (Spider:1)
  A wolf spider (Spider:3)
  A cane toad (Lair:3)
  2 meliai (Spider:1)
  A tarantella (Spider:2)
  3 yaks (Lair:3)
  A culicivora (Spider:2)
  A basilisk (Lair:3)
15 creatures vanquished.

Vanquished Creatures (others)
  An orc wizard (Orc:2)
  An adder (D:10)
  13 fungi
  33 plants
48 creatures vanquished.

Grand Total: 706 creatures vanquished

Notes
Turn   | Place    | Note
-------+----------+-------------------------------------------
     0 | D:1      | Colgate the Merfolk Berserker began the quest for the Orb.
     0 | D:1      | Reached XP level 1. HP: 18/18 MP: 1/1
    58 | D:1      | Reached skill level 5 in Polearms
   163 | D:1      | Reached XP level 2. HP: 22/24 MP: 2/2
   474 | D:1      | Reached skill level 6 in Polearms
   474 | D:1      | Reached XP level 3. HP: 17/29 MP: 3/3
   779 | D:1      | Reached ** piety under Trog
  1143 | D:2      | Noticed Robin
  1415 | D:2      | Reached XP level 4. HP: 30/35 MP: 4/4
  1419 | D:2      | Reached skill level 7 in Polearms
  1517 | D:2      | Killed Robin
  1852 | D:2      | Noticed Sigmund
  1873 | D:2      | Killed Sigmund
  1874 | D:2      | Reached skill level 9 in Polearms
  1874 | D:2      | Reached XP level 5. HP: 41/41 MP: 5/5
  1874 | D:2      | Reached XP level 6. HP: 47/47 MP: 6/6
  2208 | D:2      | Found a faded altar of an unknown god.
  2756 | D:3      | Reached skill level 10 in Polearms
  2787 | D:3      | Reached skill level 1 in Stealth
  2817 | D:3      | Found Kaathou's General Store.
  2971 | D:3      | Noticed an ice beast
  2976 | D:3      | Killed an ice beast
  3247 | D:3      | Reached *** piety under Trog
  3319 | D:3      | Found a glowing silver altar of Zin.
  3319 | D:3      | Found the +7 Kryia's mail coat {PotionHeal*2 rC+}
  3375 | D:3      | Found a shimmering blue altar of Sif Muna.
  3564 | D:4      | Reached XP level 7. HP: 52/52 MP: 7/7
  3680 | D:3      | Reached skill level 11 in Polearms
  4078 | D:4      | Found a burning altar of Makhleb.
  4177 | D:4      | Reached skill level 12 in Polearms
  4667 | D:5      | Entered Level 5 of the Dungeon
  4804 | D:5      | Reached XP level 8. HP: 51/58 MP: 8/8
  4891 | D:4      | Reached skill level 13 in Polearms
  5003 | D:5      | Reached skill level 1 in Throwing
  5043 | D:5      | Found an ornate altar of the Wu Jian Council.
  5869 | D:5      | Reached skill level 14 in Polearms
  6392 | D:5      | Reached skill level 15 in Polearms
  6392 | D:5      | Reached XP level 9. HP: 63/64 MP: 9/9
  6427 | D:5      | Found a basalt altar of Yredelemnul.
  6742 | D:6      | Found a runed translucent door.
  6745 | D:6      | Noticed Crazy Yiuf
  6755 | D:6      | Identified the +6 mace of Guile {vorpal, rC+ SInv Stlth+}
  6944 | D:6      | Reached skill level 16 in Polearms
  7180 | D:6      | Found a staircase to the Ecumenical Temple.
  7236 | D:6      | Found a bloodstained altar of Trog.
  7239 | D:6      | Found a broken altar of Ashenzari.
  7242 | D:6      | Found an opulent altar of Gozag.
  7245 | D:6      | Found a glowing golden altar of the Shining One.
  7360 | D:6      | Noticed Prince Ribbit
  7370 | D:6      | Killed Prince Ribbit
  7480 | D:7      | Reached skill level 5 in Fighting
  7522 | D:7      | Reached **** piety under Trog
  8179 | D:7      | Reached skill level 5 in Throwing
  8457 | D:8      | Found a staircase to the Lair.
  8570 | D:8      | Found a radiant altar of Vehumet.
  8825 | D:8      | Reached XP level 10. HP: 76/76 MP: 10/10
  9300 | D:8      | Identified the +0 pair of boots of the Moon {rC+ rN++
                  | Int+6}
  9381 | D:9      | Found a shadowy altar of Dithmenos.
 10082 | D:10     | Entered Level 10 of the Dungeon
 10279 | D:10     | Reached skill level 1 in Evocations
 10285 | D:10     | Reached ***** piety under Trog
 10510 | D:10     | Noticed an ice statue
 10653 | D:10     | Reached XP level 11. HP: 86/86 MP: 11/11
 10673 | D:10     | Reached skill level 5 in Evocations
 10734 | D:10     | Found a staircase to the Orcish Mines.
 11530 | D:10     | Noticed a frost giant
 11568 | D:10     | Killed a frost giant
 11952 | D:10     | Noticed an ice dragon
 11955 | D:10     | Found the +7 pair of quick blades "Gyre" and "Gimble"
                  | {protect}
 11960 | D:10     | Killed an ice dragon
 12125 | D:10     | Reached skill level 10 in Throwing
 12161 | D:10     | Noticed an oklob plant
 12364 | D:6      | Killed Crazy Yiuf
 12742 | D:10     | Killed an oklob plant
 12791 | D:11     | Noticed a manticore
 12800 | D:11     | Killed a manticore
 12803 | D:11     | Noticed a manticore
 12814 | D:11     | Killed a manticore
 12858 | D:11     | Reached skill level 5 in Short Blades
 12949 | D:11     | Noticed a two-headed ogre
 12959 | D:11     | Killed a two-headed ogre
 12960 | D:11     | Reached XP level 12. HP: 92/92 MP: 12/12
 12983 | D:11     | Noticed a two-headed ogre
 12991 | D:11     | Killed a two-headed ogre
 13478 | D:11     | Found a portal to a secret trove of treasure.
 13676 | Temple   | Entered the Ecumenical Temple
 14415 | D:12     | Received a gift from Trog
 14560 | D:12     | Noticed Erolcha
 14638 | D:12     | Killed Erolcha
 15186 | D:12     | Noticed a boulder beetle
 15210 | D:12     | Killed a boulder beetle
 15562 | Lair:1   | Entered Level 1 of the Lair of Beasts
 15570 | Lair:1   | Identified 2 scrolls of acquirement
 15651 | D:11     | You paid a toll of 2 scrolls of acquirement to enter a
                  | treasure trove
 15652 | Trove    | Entered a treasure trove
 15659 | Trove    | Identified the +1 hat of Untruth {Harm Will+ Stlth+}
 15663 | Trove    | Identified the +3 leather armour of Conscience {Dex+4}
 15670 | Trove    | Identified the ring "Xafer" {rF- rN+ AC+4 Str+6 Int-3}
 15675 | Trove    | Identified the ring of the Seven Xenophobes {Fire Fly rCorr
                  | Int-2 Dex+4}
 15679 | Trove    | Identified the amulet of Lugonu's Fury {Acrobat Harm +Blink
                  | rC+}
 16244 | Lair:1   | Noticed Maggie
 16258 | Lair:1   | Killed Maggie
 16259 | Lair:1   | Reached XP level 13. HP: 72/98 MP: 13/13
 16883 | Lair:2   | Found a dark tunnel.
 17052 | Volcano  | Entered a volcano
 17130 | Volcano  | Reached skill level 17 in Polearms
 17784 | Lair:2   | Identified the +12 trident "Undertaker" {drain, rPois rF+
                  | Str+3 Dex-2}
 17873 | Lair:2   | Reached skill level 18 in Polearms
 18113 | Lair:2   | Found a staircase to the Shoals.
 18125 | Lair:2   | Noticed Fannar
 18172 | Lair:2   | Killed Fannar
 18285 | Lair:2   | Found a hole to the Spider Nest.
 18594 | Lair:2   | Reached skill level 19 in Polearms
 18848 | Lair:3   | Identified the +5 whip of the Witching Mosquito {pain,
                  | Dex+4}
 18992 | Lair:3   | Noticed Rupert
 19002 | Lair:3   | Killed Rupert
 19085 | Lair:3   | Reached skill level 20 in Polearms
 19263 | Lair:3   | Received a gift from Trog
 19871 | Lair:4   | Reached XP level 14. HP: 105/105 MP: 14/14
 20045 | Lair:4   | Reached skill level 5 in Armour
 20817 | Lair:5   | Reached skill level 5 in Stealth
 21588 | Lair:6   | Entered Level 6 of the Lair of Beasts
 21716 | Lair:6   | Noticed a dire elephant
 21739 | Lair:6   | Killed a dire elephant
 21930 | Lair:6   | Acquired 1213 gold pieces
 21941 | Lair:6   | Acquired a +6 bardiche of flaming
 22031 | Lair:6   | Received a gift from Trog
 22282 | Lair:6   | Found a runed translucent gate.
 22282 | Lair:6   | Found a runed translucent gate.
 22282 | Lair:6   | Found a runed translucent gate.
 22286 | Lair:6   | Noticed Rexfelis's ghost (journeyman MiBe)
 22560 | Lair:6   | Reached skill level 10 in Stealth
 23010 | Lair:6   | Found the +8 demon trident "Rift" {distort, reach+}
 23154 | Lair:6   | Found a viscous altar of Jiyva.
 23154 | Lair:6   | Found a staircase to the Slime Pits.
 23184 | Lair:6   | Noticed a dire elephant
 23191 | Lair:6   | Reached skill level 21 in Polearms
 23243 | Lair:6   | Killed a dire elephant
 23364 | Lair:6   | Noticed a dire elephant
 23368 | Lair:6   | Killed a dire elephant
 23728 | Orc:1    | Entered Level 1 of the Orcish Mines
 24098 | Orc:1    | Reached XP level 15. HP: 110/110 MP: 15/15
 24101 | Orc:1    | Reached skill level 22 in Polearms
 24660 | Orc:1    | Reached ****** piety under Trog
 24660 | Orc:1    | Received a gift from Trog
 24694 | Orc:1    | Noticed Jorgrun
 24706 | Orc:1    | Killed Jorgrun
 24844 | Orc:1    | Reached skill level 23 in Polearms
 24988 | Orc:1    | Noticed a fire giant
 25022 | Orc:1    | HP: 4/110 [fire giant/bolt of fire (40)]
 26199 | Orc:1    | Killed a fire giant
 26205 | Orc:1    | Found the +14 obsidian axe {vorpal, Mesm Drain Fly SInv}
 26273 | Orc:1    | Identified the +6 great sword "Villes" {vorpal, Dex+6}
 26330 | Orc:2    | Entered Level 2 of the Orcish Mines
 26939 | Orc:2    | Found a staircase to the Elven Halls.
 27287 | Orc:2    | Received a gift from Trog
 27354 | Orc:2    | Reached skill level 24 in Polearms
 27372 | Orc:2    | Paralysed by an orc sorcerer for 5 turns
 27562 | Orc:2    | Found Worhitoy's General Store.
 27562 | Orc:2    | Found Ystishramp's Magic Scroll Shop.
 27565 | Orc:2    | Found Jestroc's Jewellery Shop.
 27565 | Orc:2    | Found Hosinouq's General Store.
 28306 | Orc:2    | Bought a scroll of holy word for 105 gold pieces
 28306 | Orc:2    | Bought a wand of flame (9) for 77 gold pieces
 28309 | Orc:2    | Bought a potion of heal wounds for 65 gold pieces
 28309 | Orc:2    | Bought a scroll of summoning for 123 gold pieces
 28323 | Orc:2    | Bought a scroll of teleportation for 48 gold pieces
 28323 | Orc:2    | Bought a scroll of teleportation for 48 gold pieces
 28323 | Orc:2    | Bought a scroll of teleportation for 48 gold pieces
 28323 | Orc:2    | Bought a scroll of teleportation for 48 gold pieces
 28323 | Orc:2    | Bought a scroll of fear for 56 gold pieces
 28323 | Orc:2    | Bought a scroll of teleportation for 48 gold pieces
 28323 | Orc:2    | Bought a scroll of identify for 32 gold pieces
 28323 | Orc:2    | Bought a scroll of identify for 32 gold pieces
 28603 | D:3      | Bought a wand of mindburst (10) for 196 gold pieces
 28603 | D:3      | Bought a wand of iceblast (6) for 140 gold pieces
 28603 | D:3      | Bought a scroll of enchant weapon for 105 gold pieces
 28884 | Orc:2    | Bought the ring "Uhecwur" {rPois Int+3 SInv} for 487 gold
                  | pieces
 29084 | Spider:1 | Entered Level 1 of the Spider Nest
 29084 | Spider:1 | Noticed an emperor scorpion
 29088 | Spider:1 | Killed an emperor scorpion
 29661 | Spider:1 | Received a gift from Trog
 29706 | Spider:1 | Reached skill level 10 in Fighting
 30052 | Spider:1 | Identified the ring "Qoas" {rElec rF+ Int+6 Dex+6}
 30578 | Spider:1 | Noticed Agnes
 30990 | Spider:2 | Noticed Kirke
 31051 | Spider:2 | Noticed a ghost moth
 31058 | Spider:2 | Killed a ghost moth
 31271 | Spider:2 | Reached XP level 16. HP: 125/125 MP: 16/16
 31883 | Spider:2 | Killed Kirke
 32572 | Spider:3 | Noticed Arachne
 32582 | Spider:3 | HP: 9/193 [spark wasp (6)]
 32582 | Spider:3 | Mangled by a spark wasp

Illustrated notes

Levels and vault maps discovered:
D:1:      dpeg_arrival_tiny_a, layout_rooms, serial_bayou_pond_b, st_stairs_12,
          minmay_statues_item
D:2:      layout_basic, hellmonk_ecumenical_altar_inner_sanctum,
          kennysheep_generic_room_9, uniq_robin, uniq_sigmund
D:3:      minmay_diamond_boxcup, layout_basic, led_sif_pool,
          mainiacjoe_overflow_surrounded_room, serial_shops,
          nicolae_shop_crystal, chequers_big_river, minmay_cut_off
D:4:      layout_layer_cave, kennysheep_mini_moat
D:5:      layout_basic, pdpol_wu_jian_five_deadly_venoms,
          lemuel_mausoleum_altar_yredelemnul, minmay_misc_feat_doors
D:6:      layout_basic, grunt_temple_overflow_cloverleaf,
          minmay_temple_entry_offerings, uniq_crazy_yiuf_cottage,
          uniq_prince_ribbit1
D:7:      layout_gridville, nicolae_zen_rock_garden
D:8:      layout_basic, lemuel_round_altar, lair_entry_dummy
D:9:      layout_basic, nicolae_dithmenos_the_darkroom
D:10:     minmay_twisted_water, layout_cave_pods, orc_0_dummy,
          introduction_to_nature_1
D:11:     layout_cave_pools, nicolae_trove_entry_path_of_doom,
          kennysheep_big_empty_room
D:12:     minmay_goldmine, layout_irregular_city, uniq_erolcha
Temple:   minmay_freezing_vapour_temple
Lair:1:   layout_regular_city, uniq_maggie
Lair:2:   layout_gridlike, elwin_shoals_entry_rocks,
          hellmonk_spider_entry_life_and_decay, enter_volcano_3,
          serial_bayou_shore_b, uniq_fannar
Lair:3:   layout_loops_ring, uniq_rupert
Lair:4:   layout_regular_city
Lair:5:   layout_small_grid, serial_bayou_crossing, infiniplex_staircase_pool
Lair:6:   grunt_lair_end_beastmaster, layout_long_grid,
          dpeg_slime_entry_enclosed_altar, gammafunk_ghost_hydra_chop,
          nicolae_lair_lakeside_cave
Spider:1: layout_chambers, uniq_agnes
Spider:2: layout_spider_delve, uniq_kirke
Spider:3: layout_spider_delve, nicolae_arachne_temple, uniq_bai_suzhen
Orc:1:    giant_chief_lemuel, layout_caves, statue_in_the_mist_lemuel,
          uniq_jorgrun
Orc:2:    grunt_orc_tribal_feast, layout_caves

Skill      XL: |  1  2  3  4  5  6  7  8  9 10 11 12 13 14 15 16 |
---------------+-------------------------------------------------+-----
Polearms       | 5 6 9 10 12 15 16 20 21 24 | 24.0
Stealth        | 1 2 10 | 10.1
Throwing       | 2 6 8 10 13 14 | 14.0
Armour         | 2 3 4 5 6 |  6.0
Fighting       | 6 8 11 12 | 12.9
Dodging        | 3 4 |  4.0
Evocations     | 4 6 |  6.0
Short Blades   | 7 8 |  8.1

Action                   |  1- 3 |  4- 6 |  7- 9 | 10-12 | 13-15 | 16-18 || total
-------------------------+-------+-------+-------+-------+-------+-------++-------
Melee: Spear             |   141 |   170 |   163 |       |       |       ||   474
       Punch             |       |       |     3 |       |       |       ||     3
       Halberd           |       |       |   218 |   304 |       |       ||   522
       Tailslap          |       |       |       |     4 |     3 |       ||     7
       Pair of quick bla |       |       |       |   326 |    37 |       ||   363
       Glaive            |       |       |       |     2 |   275 |       ||   277
       Bardiche          |       |       |       |       |   365 |    81 ||   446
Throw: Stone             |     4 |       |       |     2 |   104 |    14 ||   124
       Boomerang         |       |       |    28 |    81 |   107 |       ||   216
       Dart              |       |       |    38 |    23 |    51 |     2 ||   114
       Javelin           |       |       |     8 |     9 |    22 |       ||    39
Invok: Berserk           |     1 |     4 |     3 |     4 |     2 |     1 ||    15
       Brothers in Arms  |       |       |       |       |     4 |     5 ||     9
       Trog's Hand       |       |       |       |       |     1 |       ||     1
Evoke: Wand              |       |       |       |    21 |     7 |     1 ||    29
       Piece from Xom's  |       |       |       |     2 |     6 |       ||     8
       Tin of tremorston |       |       |       |       |     2 |       ||     2
  Use: Scroll            |       |     1 |     9 |     6 |    21 |       ||    37
       Potion            |       |       |       |       |     1 |     2 ||     3
 Stab: Sleeping          |     6 |     3 |       |       |    18 |     4 ||    31
       Paralysed         |       |       |       |     5 |       |       ||     5
       Petrified         |       |       |       |       |     3 |       ||     3
       Distracted        |       |       |       |       |     6 |       ||     6
       Petrifying        |       |       |       |       |     2 |       ||     2
Armor: Animal skin       |    13 |    13 |       |       |       |       ||    26
       Robe              |       |     5 |       |       |       |       ||     5
       Ring mail         |       |     5 |       |       |       |       ||     5
       Scale mail        |       |     4 |   102 |   122 |   175 |    50 ||   453
Dodge: Dodged            |    53 |    52 |   118 |   188 |   270 |    41 ||   722
       Repelled          |       |       |       |     7 |     7 |       ||    14
